 Dungeon Crawl Stone Soup version 0.29.1-1-gd02db6906a (webtiles) character file.

Game seed: 10004578238925864743

299 Jakudza the Trooper (level 6, -1/53 (56) HPs)
             Began as a Minotaur Fighter on Oct 17, 2022.
             Slain by a wight
             ... wielding a +4 mace
              (2 damage)
             ... on level 4 of the Dungeon.
             The game lasted 00:09:19 (3313 turns).

Jakudza the Trooper (Minotaur Fighter)              Turns: 3313, Time: 00:09:20

HP:   -1/53 (56)    AC:  8    Str: 23    XL:     6   Next: 13%
MP:   5/5           EV: 13    Int:  5    God:
Gold: 368           SH:  0    Dex: 13    Spells: 5/5 levels left

rFire   . . .      SeeInvis .   h - +4 bardiche "Plog" {vorpal, *Corrode rPois Dex+4}
rCold   . . .      Faith    .   (shield currently unavailable)
rNeg    . . .      Spirit   .   b - +1 scale mail
rPois   +          Reflect  .   (helmet restricted)
rElec   .          Harm     .   (no cloak)
rCorr   .          Rampage  .   (no gloves)
Will    .....                   (no boots)
Stlth   ..........              (no amulet)
HPRegen 0.17/turn               k - +4 ring of evasion
MPRegen 0.09/turn               (no ring)

@: mighty, hasted, drained, very quick
A: horns 2, retaliatory headbutt
a: no special abilities


You were on level 4 of the Dungeon.
You visited 1 branch of the dungeon, and saw 4 of its levels.

You collected 1138 gold pieces.
You spent 770 gold pieces at shops.

Inventory:

Hand Weapons
 a - a +0 war axe
 h - the +4 bardiche "Plog" (weapon) {vorpal, *Corrode rPois Dex+4}
   (You bought it in a shop on level 2 of the Dungeon)

   It inflicts extra damage upon your enemies.
   Dex:       It affects your dexterity (+4).
   rPois:     It protects you from poison.
   *Corrode:  It may corrode you when you take damage.
Armour
 b - a +1 scale mail (worn)
 c - a +0 buckler
Jewellery
 k - a +4 ring of evasion (left hand)
 l - an amulet of magic regeneration
Scrolls
 g - a scroll of identify
 i - 2 scrolls of blinking
Potions
 d - 2 potions of might
 e - 2 potions of curing
 f - 2 potions of ambrosia


   Skills:
 * Level 5.5 Fighting
 - Level 4.3(4.5) Axes
 * Level 1.7(3.3) Polearms
 + Level 4.8 Armour
 + Level 4.7 Shields


You had 5 spell levels left.
You didn't know any spells.
Your spell library contained the following spells:

 Spells                   Type           Power      Damage    Failure   Level
 Static Discharge         Conj/Air       0%         3-3/arc   89%         2
 Dispel Undead            Necr           0%         3d6       100%        4
 Sticky Flame             Conj/Fire      0%         2d3       100%        4


Dungeon Overview and Level Annotations

Branches:
Dungeon (4/15)
 Temple: D:4-7

Altars:
Hepliaklqana

Shops:
D:2 *


Innate Abilities, Weirdness & Mutations

You have a pair of horns on your head.
You reflexively headbutt those who attack you in melee.


Message History

You slice the wight!!
You destroy the wight!
The wight hits you from afar with a +0 trident!
You feel drained. The wight closely misses you.
Your life force feels restored.
Your base Polearms skill increases to level 1!
You slice the wight!!
You destroy the wight!
The wight misses you.
You have reached level 6!
You hit the kobold but do no damage.
The wight hits you from afar with a +0 trident!
The kobold hits you but does no damage. The wight hits you but does no damage.
The wight hits you with a +2 short sword.
The kobold completely misses you.
You are too injured to fight recklessly!
You are too injured to fight recklessly!
You feel very mighty all of a sudden. The wight closely misses you.
The wight misses you. You furiously retaliate!
You headbutt the wight!
The wight hits you with a +2 short sword.
The kobold barely misses you.
It was a potion of haste.
You feel yourself speed up. The kobold hits you but does no damage.
The wight closely misses you. The wight misses you.
The wight hits you with a +2 short sword!
* * * LOW HITPOINT WARNING * * *
You feel drained.
* * * LOW HITPOINT WARNING * * *
You feel better. The wight barely misses you. x2
The wight hits you with a +2 short sword!
* * * LOW HITPOINT WARNING * * *
You feel drained. The kobold hits you but does no damage.
You are too injured to fight recklessly!
You are too injured to fight recklessly!
You closely miss the kobold.
The wight hits you from afar with a +0 trident.
* * * LOW HITPOINT WARNING * * *
The wight hits you with a +4 mace.
You die...

......#.....##
.†.......<...# ## #...
..#..........##...##....
..###...................
..##.........###........
..##.........# .......
..##.........####.......
...#.....###..#>.z...##.
..........###...@Kz.....
.#......†)#.#....z......
##.....##......#.##.....
....... ##....#### ....
....... #....# ...
....... #....# .. .....
........ . ...#
##....... #.....###


You could see 3 wights and a kobold.

Vanquished Creatures
  2 wights (D:4)
  A howler monkey (D:4)
  4 gnolls (D:3)
  4 adders
  A worm (D:3)
  9 orcs
  8 ball pythons
  2 bats
  5 endoplasms
  4 giant cockroaches
  6 goblins
  6 hobgoblins
  2 quokkas
  5 frilled lizards
  12 kobolds
  5 rats
76 creatures vanquished.

Vanquished Creatures (others)
  17 plants (D:1)
17 creatures vanquished.

Grand Total: 93 creatures vanquished

Notes
Turn   | Place    | Note
-------+----------+-------------------------------------------
     0 | D:1      | Jakudza the Minotaur Fighter began the quest for the Orb.
     0 | D:1      | Reached XP level 1. HP: 19/19 MP: 0/0
   146 | D:1      | Found a faded altar of an unknown god.
   150 | D:1      | Reached XP level 2. HP: 27/27 MP: 1/1
   547 | D:1      | Reached skill level 4 in Fighting
   758 | D:2      | Identified the +1 ring mail "Fupn" {rF- rN+ Int+7 Dex-4}
  1216 | D:2      | Reached XP level 3. HP: 33/33 MP: 2/2
  1352 | D:2      | Found Coostrust's General Store.
  1771 | D:3      | Identified a scroll of acquirement
  1771 | D:3      | Acquired 891 gold pieces
  2009 | D:2      | Bought a scroll of blinking for 105 gold pieces
  2009 | D:2      | Bought the +4 bardiche "Plog" {vorpal, *Corrode rPois
                  | Dex+4} for 665 gold pieces
  2222 | D:3      | Found a hazy altar of Hepliaklqana.
  2395 | D:3      | Reached XP level 4. HP: 41/41 MP: 3/3
  3184 | D:4      | Reached XP level 5. HP: 46/47 MP: 4/4
  3215 | D:4      | Reached skill level 5 in Fighting
  3308 | D:4      | Reached skill level 1 in Polearms
  3309 | D:4      | Reached XP level 6. HP: 33/56 MP: 5/5
  3313 | D:4      | HP: 1/53 [wight/+0 trident (6)]
  3313 | D:4      | Slain by a wight

Illustrated notes

Levels and vault maps discovered:
D:1:      minmay_arrival_three_doors, layout_loops_ring,
          hellmonk_ecumenical_altar_blasted, serial_bayou, serial_bayou_pond_b,
          serial_bayou_pond_a, serial_bayou_pond_e, serial_bayou_shore_b,
          serial_bayou_pond_c
D:2:      layout_basic, serial_shops, shop, minmay_pentomino_v2
D:3:      layout_basic, mainiacjoe_overflow_catwalk
D:4:      layout_cave_pools, pdpol_temple_overflow_zin_treasury_gozag_greed,
          minmay_temple_entry_statues_pillars

Skill      XL: |  1  2  3  4  5 |
---------------+----------------+-----
Fighting       | 4 5 |  5.5
Axes           | 3 4 |  4.3
Armour         | 4 |  4.8
Shields        | 4 |  4.7
Polearms       | 1 |  1.7

Action                   |  1- 3 |  4- 6 || total
-------------------------+-------+-------++-------
Melee: War axe           |    83 |       ||    83
       Headbutt          |    11 |     9 ||    20
       Bardiche          |    15 |    62 ||    77
  Use: Scroll            |    13 |     1 ||    14
       Potion            |       |     3 ||     3
Armor: Scale mail        |    40 |    30 ||    70
Dodge: Dodged            |    44 |    55 ||    99
Block: Buckler           |    13 |       ||    13
